 Dungeon Crawl Stone Soup version 0.30-a0-509-gd016549fea (webtiles) character file.

Game seed: 13727774483635671813

84501 lesbiats the Brawler (level 15, -11/152 HPs)
             Began as a Troll Fighter on Dec 9, 2022.
             Was a High Priest of Wu Jian.
             Mangled by a wolf spider (19 damage)
             ... led by a torpor snail
             ... on level 1 of the Spider Nest on Dec 22, 2022.
             The game lasted 02:02:08 (22015 turns).

lesbiats the Brawler (Troll Fighter)               Turns: 22015, Time: 02:02:09

Health: -11/152    AC: -3    Str: 28    XL:     15   Next: 35%
Magic:  14/14      EV: 13    Int: 13    God:    Wu Jian [*****.]
Gold:   2297       SH: 17    Dex: 15    Spells: 10/14 levels left

rFire   + . .      SeeInvis .      - Unarmed
rCold   . . .      Faith    .    b - +0 kite shield
rNeg    . . .      Spirit   .    X - +0 troll leather armour
rPois   +          Reflect  +    (helmet restricted)
rElec   .          Harm     .    r - +2 cloak
rCorr   .          Rampage  .    (gloves unavailable)
Will    ++...                    (boots unavailable)
Stlth   +.........               p - amulet of reflection
HPRegen 2.05/turn                a - ring "Aleoblai" {Fly rPois Int+3 Dex+2}
MPRegen 0.14/turn                S - ring "Seshraf" {rF+ Will+ Dex+4}

@: lethally poisoned (-11 -> -21), about to teleport, corroded, flying, slowed,
studying Evocations, very slow
A: large, unfitting armour, claws 3, regeneration 1, shaggy fur 1, tough skin 1
a: Renounce Religion, Wall Jump, Serpent's Lash, Heavenly Storm


You were on level 1 of the Spider Nest.
You worshipped Wu Jian.
Wu Jian was extremely pleased with you.
You visited 5 branches of the dungeon, and saw 22 of its levels.
You also visited: Ossuary and Ice Cave.

You collected 3715 gold pieces.
You spent 1418 gold pieces at shops.

Inventory:

Missiles
 h - a throwing net
 j - a boomerang of dispersal
 k - 11 large rocks
 n - 4 curare-tipped darts
 u - 12 boomerangs (quivered)
 L - 9 poisoned darts
 O - 3 atropa-tipped darts
 T - 5 silver boomerangs
Armour
 b - a +0 kite shield (worn)
 r - a +2 cloak (worn)
 X - a +0 troll leather armour (worn)
Jewellery
 a - the ring "Aleoblai" (left claw) {Fly rPois Int+3 Dex+2}
   (You acquired it on level 1 of the Lair of Beasts)

   [ring of poison resistance]

   Int:       It affects your intelligence (+3).
   Dex:       It affects your dexterity (+2).
   rPois:     It protects you from poison.
   Fly:       It grants you flight.
 p - an amulet of reflection (around neck)
 S - the ring "Seshraf" (right claw) {rF+ Will+ Dex+4}
   (You found it on level 10 of the Dungeon)

   [ring of protection from fire]

   Dex:       It affects your dexterity (+4).
   rF:        It protects you from fire.
   Will:      It increases your willpower.
Wands
 g - a wand of digging (14)
 s - a wand of flame (27)
 t - a wand of iceblast (36)
 x - a wand of light (20)
 y - a wand of charming (8)
 A - a wand of polymorph (4)
 R - a wand of mindburst (9)
Scrolls
 d - 5 scrolls of vulnerability
 e - 8 scrolls of teleportation
 f - 2 scrolls of enchant armour
 i - a scroll of acquirement
 v - 5 scrolls of amnesia
 w - a scroll of summoning
 z - 5 scrolls of fog
 C - a scroll of noise
 H - 2 scrolls of enchant weapon
 J - 2 scrolls of poison
 P - 2 scrolls of magic mapping
 Q - 2 scrolls of torment
 W - 2 scrolls of silence
 Y - 2 scrolls of immolation
Potions
 l - 3 potions of flight
 m - 4 potions of attraction
 o - a potion of cancellation
 q - 2 potions of ambrosia
 B - a potion of invisibility
 F - 4 potions of might
 G - 2 potions of curing
 I - 3 potions of lignification
 K - a potion of heal wounds
 M - 2 potions of resistance
 N - a potion of haste
Miscellaneous
 c - a lightning rod (4/4)
 D - a phial of floods
 U - a box of beasts
 V - a phantom mirror
 Z - a tin of tremorstones (2/2)


   Skills:
 + Level 10.8 Fighting
 - Level 9.9 Dodging
 + Level 11.8 Shields
 * Level 17.3 Unarmed Combat
 + Level 6.1 Evocations


You had 10 spell levels left.
You knew the following spells:

 Your Spells              Type           Power      Damage    Failure   Level
a - Passwall              Tmut/Erth      0%         N/A       67%         2
b - Wereblood             Tmut           0%         N/A       67%         2

Your spell library contained the following spells:

 Spells                   Type           Power      Damage    Failure   Level
 Beastly Appendage        Tmut           0%         N/A       52%         1
 Foxfire                  Conj/Fire      0%         2x1d4     52%         1
 Necrotise                Necr           0%         1d4       52%         1
 Sandblast                Erth           0%         2d4       52%         1
 Ensorcelled Hibernation  Hex/Ice        0%         N/A       67%         2
 Call Canine Familiar     Summ           0%         N/A       88%         3
 Gell's Gravitas          Tloc           0%         N/A       88%         3
 Ignite Poison            Fire/Tmut/Pois 0%         N/A       88%         3
 Kindle Blastsparks       Fire/Tloc/Air  0%         2d10      88%         3
 Lesser Beckoning         Tloc           0%         N/A       88%         3
 Ozocubu's Armour         Ice            0%         N/A       88%         3
 Portal Projectile        Hex/Tloc       0%         N/A       88%         3
 Spider Form              Tmut/Pois      0%         N/A       88%         3
 Stone Arrow              Conj/Erth      0%         3d7       88%         3
 Swiftness                Air            0%         N/A       88%         3
 Teleport Other           Tloc           0%         N/A       88%         3
 Tukima's Dance           Hex            0%         N/A       88%         3
 Vampiric Draining        Necr           0%         2d6       88%         3
 Anguish                  Hex/Necr       0%         N/A       99%         4
 Leda's Liquefaction      Hex/Erth       0%         N/A       99%         4
 Passage of Golubria      Tloc           0%         N/A       99%         4
 Summon Ice Beast         Ice/Summ       0%         N/A       99%         4
 Agony                    Necr           0%         N/A       100%        5
 Fireball                 Conj/Fire      0%         3d3       100%        5
 Freezing Cloud           Conj/Ice/Air   0%         6-21      100%        5
 Metabolic Englaciation   Hex/Ice        0%         N/A       100%        5
 Summon Mana Viper        Hex/Summ       0%         N/A       100%        5
 Yara's Violent Unravell  Hex/Tmut       0%         3d3       100%        5
 Simulacrum               Ice/Necr       0%         N/A       100%        6
 Starburst                Conj/Fire      0%         6d3       100%        6
 Enfeeble                 Hex            0%         N/A       100%        7
 Monstrous Menagerie      Summ           0%         N/A       100%        7


Dungeon Overview and Level Annotations

Branches:
Dungeon (13/15)            Temple (1/1) D:7            Lair (5/5) D:11
  Swamp (0/4) Lair:3       Spider (1/4) Lair:3        Slime (0/5) Lair:4
    Orc (2/2) D:12            Elf (0/3) Orc:2       Ossuary (visited)
  IceCv (visited)
 Vaults: D:13-14

Altars:
Ashenzari
Cheibriados
Dithmenos
Elyvilon
Fedhas
Gozag
Hepliaklqana
Kikubaaqudgha
Makhleb
Nemelex Xobeh
Okawaru
Qazlal
Ru
Sif Muna
Trog
Uskayaw
Vehumet
Wu Jian
Xom
Yredelemnul
Zin
The Shining One
Jiyva

Shops:
Orc:1 :   Orc:2 ([(?

Annotations:
D:7 Maggie


Innate Abilities, Weirdness & Mutations

You are too large for most types of armour.
You have claws for hands.
Your natural rate of healing is unusually fast.
You are covered in fur. (AC +1)
You have tough skin. (AC +1)


Message History

You scratch the wolf spider.
The wolf spider is almost dead.
You feel very sick. The wolf spider barely misses you.
You block the wolf spider's attack. The wolf spider closely misses you.
The wolf spider misses you. The wolf spider hits you!!
The wolf spider bites you!
* * * LOW HITPOINT WARNING * * *
Okay, then.
You feel better.
A redback comes into view.
The wolf spider barely misses you. You block the wolf spider's attack.
The wolf spider misses you. You block the wolf spider's attack.
The wolf spider hits you!
* * * LOW HITPOINT WARNING * * *
The wolf spider bites you!
* * * LOW HITPOINT WARNING * * *
The wolf spider closely misses you.
The wolf spider bites you but does no damage.
The entropy weaver gestures at you while chanting.
The entropic weave corrodes you!
The redback moves out of view.
As you read the scroll of teleportation, it crumbles to dust.
You feel strangely unstable. The wolf spider hits you.
* * * LOW HITPOINT WARNING * * *
You block the wolf spider's attack. x2; The wolf spider bites you.
* * * LOW HITPOINT WARNING * * *
You block the wolf spider's attack. The wolf spider bites you.
* * * LOW HITPOINT WARNING * * *
The wolf spider closely misses you. You block the wolf spider's attack.
The wolf spider closely misses you. You block the wolf spider's attack.
You feel much better. The wolf spider hits you!!
* * * LOW HITPOINT WARNING * * *
You block the wolf spider's attack. x2; The wolf spider bites you.
* * * LOW HITPOINT WARNING * * *
The wolf spider hits you.
* * * LOW HITPOINT WARNING * * *
The wolf spider bites you!
* * * LOW HITPOINT WARNING * * *
You are lethally poisoned!
The wolf spider poisons you! The wolf spider hits you!!
You die...

################
#......#........ ##
##....##..#.[.#.
#.####..##.......#...
####......##...#.##..#>#
#^....#@.##..#....#..###
#^..#ss..####..###.###.
#.#Bs#.####.#...####.##
#..sw#### #...#.......#
###.....###...###....##
#........###..###.####...
#......#...#..###...#.#...
#.!.##^ ..#..†#....##..)##
...# ########....#..#.....


You could see an entropy weaver, a torpor snail, 2 wolf spiders, a culicivora
and a tarantella.

Vanquished Creatures
  2 orc warlords
  A reaper (IceCv)
  Harold (Lair:1)
  3 catoblepae (Lair:5)
  Erica (D:10)
  Erolcha (D:9)
  2 boulder beetles
  2 hydras (Lair:4)
  A tengu warrior (D:8)
  A two-headed ogre (D:10)
  14 death yaks
  3 skeletal warriors (D:12)
  A pharaoh ant (Spider:1)
  Sonja (Lair:2)
  A sun moth (Spider:1)
  Amaemon (Lair:3)
  A steelbarb worm (Spider:1)
  Pikel (D:5)
  A deep elf pyromancer (D:12)
  9 orc knights (Orc:2)
  2 cyclopes (D:8)
  2 ugly things
  3 orc sorcerers
  A wolf spider (Spider:1)
  A moth of wrath (Spider:1)
  3 manticores
  Joseph (D:9)
  27 elephants
  7 black mambas
  An orange demon (Lair:3)
  An ice statue (IceCv)
  2 gargoyles
  3 torpor snails
  A yaktaur (D:8)
  An unseen horror (D:11)
  3 rime drakes
  8 cane toads
  2 anaconda simulacra (IceCv)
  An ice devil (IceCv)
  9 komodo dragons
  3 burning bushes (Lair:1)
  9 trolls
  4 tarantellas (Spider:1)
  Prince Ribbit (D:8)
  3 polar bears
  2 slime creatures (D:12)
  9 blink frogs (Lair:4)
  A hornet (D:8)
  2 jumping spiders
  A vampire (D:10)
  3 culicivoras (Spider:1)
  4 wraiths
  56 yaks
  A dire elephant simulacrum (IceCv)
  Grum (D:9)
  4 basilisks
  2 wyverns
  3 steam dragons
  8 redbacks
  A death yak simulacrum (IceCv)
  2 harpy simulacra (IceCv)
  2 vampire mosquitoes (D:11)
  9 wargs
  An acid dragon (D:10)
  3 water moccasins
  46 orc warriors
  A sky beast (D:6)
  An ice beast (D:4)
  A black bear (D:5)
  7 ogres
  19 wolves
  3 lemures (D:5)
  3 phantoms
  3 centaurs
  A kobold brigand (D:8)
  15 bullfrogs
  2 necrophages
  4 two-headed ogre simulacra (IceCv)
  2 gnoll sergeants
  2 scorpions (D:5)
  7 cane toad simulacra (IceCv)
  9 wights
  5 killer bees (D:9)
  2 elephant simulacra (IceCv)
  5 electric eels
  3 howler monkeys
  A hound (D:5)
  Crazy Yiuf (D:6)
  9 orc priests
  A gnoll bouda (D:8)
  2 iguanas
  15 orc wizards
  8 spriggan simulacra (IceCv)
  A polar bear simulacrum (IceCv)
  2 wolf simulacra
  3 troll simulacra (IceCv)
  A mummy (Ossuary)
  9 adders
  15 gnolls
  7 naga simulacra (IceCv)
  A shadow imp (D:5)
  9 white imps
  7 ufetubi
  2 worms
  5 dart slugs
  85 orcs
  6 bats
  7 endoplasms
  4 goblins
  10 hobgoblins
  3 jackals (D:1)
  10 kobolds
  3 quokkas
  9 ball pythons
  A frilled lizard (D:2)
  8 gnoll skeletons (Ossuary)
  6 kobold skeletons (Ossuary)
  10 orc skeletons (Ossuary)
  6 rats
670 creatures vanquished.

Vanquished Creatures (others)
  A rakshasa (D:8)
  An orc wizard (D:8)
  3 orcs
  2 kobolds (D:8)
  A bush (Lair:3)
  15 fungi
  71 plants
  5 toadstools (D:6)
99 creatures vanquished.

Grand Total: 769 creatures vanquished

Notes
Turn   | Place    | Note
-------+----------+-------------------------------------------
     0 | D:1      | lesbiats the Troll Fighter began the quest for the Orb.
     0 | D:1      | Reached XP level 1. HP: 22/22 MP: 0/0
   123 | D:1      | Reached XP level 2. HP: 25/29 MP: 1/1
   405 | D:1      | Reached XP level 3. HP: 36/36 MP: 2/2
   410 | D:1      | Found a faded altar of an unknown god.
   612 | D:1      | Learned a level 2 spell: Passwall
   776 | D:2      | Reached skill level 3 in Unarmed Combat
  1189 | D:2      | Found an ornate altar of the Wu Jian Council.
  1208 | D:2      | Became a worshipper of the Wu Jian Council
  1266 | D:2      | Reached XP level 4. HP: 40/44 MP: 3/3
  1950 | D:4      | Noticed an ice beast
  1960 | D:4      | Killed an ice beast
  1961 | D:4      | Reached skill level 4 in Unarmed Combat
  1961 | D:4      | Reached XP level 5. HP: 53/53 MP: 4/4
  2261 | D:4      | Reached XP level 6. HP: 61/61 MP: 5/5
  2397 | D:4      | Reached skill level 5 in Unarmed Combat
  2397 | D:4      | Found a sparkling altar of Nemelex Xobeh.
  2545 | D:4      | Reached * piety under Wu Jian
  2830 | D:5      | Entered Level 5 of the Dungeon
  2920 | D:5      | Reached XP level 7. HP: 42/68 MP: 6/6
  2978 | D:5      | Learned a level 2 spell: Wereblood
  3075 | D:5      | Reached skill level 6 in Unarmed Combat
  3176 | D:5      | Found a large runed translucent door.
  3177 | D:5      | Found a large runed translucent door.
  3190 | D:5      | Found a broken altar of Ashenzari.
  3225 | D:5      | Found a shimmering altar of Xom.
  3728 | D:6      | Noticed Pikel
  3774 | D:6      | Reached skill level 5 in Shields
  3774 | D:6      | Reached XP level 8. HP: 73/79 MP: 7/7
  3838 | D:5      | Reached skill level 7 in Unarmed Combat
  4041 | D:6      | Found a runed translucent door.
  4042 | D:6      | Noticed Crazy Yiuf
  4146 | D:5      | Killed Pikel
  4147 | D:5      | Reached skill level 5 in Fighting
  4147 | D:5      | Reached skill level 8 in Unarmed Combat
  4574 | D:6      | Killed Crazy Yiuf
  4659 | D:7      | Found a staircase to the Ecumenical Temple.
  4668 | Temple   | Entered the Ecumenical Temple
  4863 | D:7      | Found an opulent altar of Gozag.
  4935 | D:7      | Noticed Maggie
  4973 | D:7      | Reached XP level 9. HP: 78/88 MP: 8/8
  5147 | D:7      | Upgraded the game from 0.30-a0-422-g946f4849ff to
                  | 0.30-a0-465-g8901f6c8b5
  5543 | D:7      | Reached skill level 9 in Unarmed Combat
  5612 | D:8      | Found a snail-covered altar of Cheibriados.
  5616 | D:8      | Reached ** piety under Wu Jian
  5736 | D:8      | Paralysed by a hornet for 3 turns
  5770 | D:8      | Noticed a tengu warrior
  5770 | D:8      | Noticed a cyclops
  5771 | D:8      | Found a runed translucent door.
  5849 | D:8      | Found a sand-covered staircase.
  5971 | D:8      | Reached skill level 10 in Unarmed Combat
  5985 | Ossuary  | Entered an ossuary
  5996 | Ossuary  | Reached *** piety under Wu Jian
  6283 | D:8      | Identified the +0 scale mail of Fortitude {Rampage rF+
                  | Dex+4}
  6434 | D:8      | Noticed Prince Ribbit
  6439 | D:8      | Killed Prince Ribbit
  6792 | D:8      | Noticed a cyclops
  6792 | D:8      | Noticed a yaktaur
  6792 | D:8      | Found the +4 skin of Zhor {*Englaciate rC+++ SInv}
  6795 | D:8      | Noticed a cyan ugly thing
  6795 | D:8      | Noticed a manticore
  6795 | D:8      | Noticed a rakshasa
  6977 | D:9      | Reached XP level 10. HP: 82/100 MP: 9/9
  7036 | D:9      | Noticed Joseph
  7163 | D:9      | Killed Joseph
  7679 | D:9      | Noticed Grum
  7688 | D:9      | Reached skill level 11 in Unarmed Combat
  7689 | D:9      | Killed Grum
  7689 | D:9      | Reached **** piety under Wu Jian
  7724 | D:9      | Noticed Erolcha
  7765 | D:9      | Killed Erolcha
  8051 | D:10     | Entered Level 10 of the Dungeon
  8077 | D:10     | Noticed a gargoyle
  8082 | D:10     | Killed a gargoyle
  8144 | D:10     | Identified the ring "Seshraf" {rF+ Will+ Dex+4}
  8187 | D:10     | Noticed Erica
  8190 | D:10     | Noticed a two-headed ogre
  8193 | D:10     | Killed Erica
  8354 | D:10     | Killed a two-headed ogre
  8355 | D:10     | Reached XP level 11. HP: 92/109 MP: 10/10
  8524 | D:10     | Reached skill level 12 in Unarmed Combat
  9227 | D:11     | Noticed a brown ugly thing
  9233 | D:11     | Killed a brown ugly thing
  9440 | D:11     | Found a staircase to the Lair.
 10135 | Lair:1   | Entered Level 1 of the Lair of Beasts
 10176 | D:11     | Reached skill level 5 in Dodging
 10406 | Lair:1   | Reached skill level 13 in Unarmed Combat
 10517 | Lair:1   | Noticed Harold
 10554 | Lair:1   | Reached ***** piety under Wu Jian
 10555 | Lair:1   | Reached XP level 12. HP: 101/122 MP: 11/11
 10608 | Lair:1   | Killed Harold
 11291 | Lair:2   | Noticed Sonja
 11393 | Lair:2   | Killed Sonja
 11487 | Lair:2   | Identified the +1 pair of gloves of Getefful {rPois rF+
                  | Int+2 Stlth+}
 12044 | Lair:2   | Reached skill level 14 in Unarmed Combat
 12701 | Lair:3   | Noticed Amaemon
 12731 | Lair:3   | Found a frozen archway.
 12769 | Lair:3   | Noticed a boulder beetle
 12773 | IceCv    | Entered an ice cave
 12946 | IceCv    | Upgraded the game from 0.30-a0-465-g8901f6c8b5 to
                  | 0.30-a0-469-g84de5afbc5
 13095 | IceCv    | Identified 2 scrolls of acquirement
 13098 | IceCv    | Acquired 1168 gold pieces
 13427 | IceCv    | Noticed a reaper
 13491 | IceCv    | Killed a reaper
 13492 | IceCv    | Reached skill level 1 in Evocations
 13752 | IceCv    | Identified the +4 chain mail of Xypacoeq {rN+ Dex+3}
 13762 | IceCv    | Identified the +6 hand axe of Ancient Evil {spect, Str+4
                  | Dex+3}
 14109 | Lair:3   | Noticed a death yak
 14109 | Lair:3   | Noticed a death yak
 14178 | Lair:3   | Reached skill level 10 in Shields
 14240 | Lair:3   | Reached XP level 13. HP: 125/131 MP: 12/12
 14405 | Lair:3   | Found a hole to the Spider Nest.
 14429 | Lair:3   | Reached ****** piety under Wu Jian
 14454 | Lair:3   | Killed Amaemon
 14458 | Lair:3   | Reached skill level 15 in Unarmed Combat
 14676 | Lair:3   | Found a staircase to the Swamp.
 15954 | Lair:4   | Found a viscous altar of Jiyva.
 15955 | Lair:4   | Found a staircase to the Slime Pits.
 16420 | D:8      | Identified the +4 ice dragon scales "Reposeir" {rF- rC++
                  | Dex+4}
 16944 | Lair:5   | Entered Level 5 of the Lair of Beasts
 16991 | Lair:5   | Reached skill level 10 in Fighting
 16991 | Lair:5   | Reached XP level 14. HP: 128/143 MP: 13/13
 17020 | Lair:5   | Reached skill level 16 in Unarmed Combat
 17526 | Lair:5   | Identified the +4 quarterstaff of Nesuomm {spect, rPois
                  | Will+ Str+3}
 18617 | D:12     | Found a staircase to the Orcish Mines.
 19333 | Orc:1    | Entered Level 1 of the Orcish Mines
 19333 | Orc:1    | Noticed an orc warlord
 19333 | Orc:1    | Found Usmiose's Vocational Training.
 19335 | Orc:1    | Reached skill level 5 in Evocations
 19344 | Orc:1    | Killed an orc warlord
 19489 | Orc:1    | Bought a manual of Evocations for 1040 gold pieces
 19581 | Orc:2    | Entered Level 2 of the Orcish Mines
 19639 | Orc:1    | Upgraded the game from 0.30-a0-469-g84de5afbc5 to
                  | 0.30-a0-509-gd016549fea
 19997 | Orc:2    | Found a staircase to the Elven Halls.
 20093 | Orc:2    | Reached XP level 15. HP: 106/152 MP: 14/14
 20111 | Orc:2    | Reached skill level 17 in Unarmed Combat
 20295 | Orc:2    | Found Vomorok's Antique Weapon Emporium.
 20311 | Orc:2    | Found Calihyl's Armour Shop.
 20484 | Orc:2    | Found Kojiti's Magic Scroll Shop.
 20484 | Orc:2    | Found Vuilucun's Antique Weapon Emporium.
 20599 | Orc:2    | Bought a scroll of enchant weapon for 105 gold pieces
 20599 | Orc:2    | Bought a scroll of fog for 56 gold pieces
 20599 | Orc:2    | Bought a scroll of poison for 56 gold pieces
 20599 | Orc:2    | Bought a scroll of enchant weapon for 105 gold pieces
 20599 | Orc:2    | Bought a scroll of poison for 56 gold pieces
 21439 | Lair:1   | Acquired the ring "Aleoblai" {Fly rPois Int+3 Dex+2}
 21484 | Spider:1 | Entered Level 1 of the Spider Nest
 22015 | Spider:1 | Mangled by a wolf spider

Illustrated notes

Levels and vault maps discovered:
D:1:      wander_arrival_estate, layout_rooms,
          hellmonk_ecumenical_altar_inner_sanctum, serial_aquarium,
          aquarium_bridge_square [aquarium_subvault_bridge,
          aquarium_subvault_bridge, aquarium_subvault_wall,
          aquarium_subvault_bridge], aquarium_bridge_island_small
          [aquarium_subvault_small_water, aquarium_subvault_bridge,
          aquarium_subvault_window, aquarium_subvault_wall,
          aquarium_subvault_bridge], aquarium_window_fake, aquarium_window_1,
          aquarium_window_1, aquarium_window_1, aquarium_view_2c,
          aquarium_pool_corner
D:2:      layout_basic, basic_altar, grunt_decor_arrowhead
D:3:      layout_basic, minmay_misc_feat_tower
D:4:      layout_loops_corners, lemuel_crystal_altar, kennysheep_generic_room_14
D:5:      layout_gridville, jmf_multi_god_temple2
D:6:      layout_gridville, serial_glass, glass_columns_b, glass_columns_b,
          glass_columns_b, glass_columns_a, glass_columns_b, glass_columns_b,
          minmay_gold_behind_fungi, uniq_crazy_yiuf_cottage, uniq_pikel
D:7:      layout_loops_corners, nicolae_gozag_cash_rules_everything_around_me,
          minmay_temple_entry_stoned_glass, uniq_maggie
D:8:      minmay_gate_of_8, layout_loops_ring,
          mainiacjoe_overflow_cross_hatched, nicolae_ossuary_entry_ruins,
          uniq_prince_ribbit1
D:9:      layout_basic, minmay_stone_trees_small, serial_bayou_crossing,
          uniq_erolcha, uniq_grum, uniq_joseph
D:10:     layout_small_grid, uniq_erica
D:11:     layout_loops_corners, david_lair_shrubbed, lemuel_old_faithful
D:12:     layout_irregular_city, orc_0_dummy
D:13:     minmay_tearing_corner, layout_irregular_city,
          kennysheep_okawaru_gauntlet
Temple:   minmay_temple_bridge_d
Lair:1:   layout_cave_pods, evilmike_ambush [evilmike_ambush_outer_basic,
          evilmike_ambush_inner_basic], uniq_harold
Lair:2:   layout_small_grid, uniq_sonja
Lair:3:   layout_gridlike, swamp_mist, spider_nest_entry_a,
          portal_ice_cave_entry_ice_simulacra, nicolae_lair_grazing_beasts
          [nicolae_sub_lair_graze_edge, nicolae_sub_lair_graze_edge,
          nicolae_sub_lair_graze_edge, nicolae_sub_lair_graze_edge],
          uniq_amaemon
Lair:4:   layout_regular_city, dpeg_slime_entry_enclosed,
          nicolae_quartered_pool_impasse, lemuel_fruit_tree
Lair:5:   evilmike_catoblepas_cave, layout_regular_city
Spider:1: nicolae_spider_mines_3
Orc:1:    layout_caves, nicolae_shop_vocational
Orc:2:    st_orc_town, layout_caves, abandoned_shop

Skill      XL: |  1  2  3  4  5  6  7  8  9 10 11 12 13 14 15 |
---------------+----------------------------------------------+-----
Shields        | 3 4 5 6 7 8 9 10 11 | 11.8
Unarmed Combat | 3 4 5 6 8 10 11 13 14 15 16 17 | 17.3
Fighting       | 3 4 5 6 7 8 9 10 | 10.8
Dodging        | 4 5 6 7 9 |  9.9
Evocations     | 1 3 5 6 |  6.1

Action                   |  1- 3 |  4- 6 |  7- 9 | 10-12 | 13-15 || total
-------------------------+-------+-------+-------+-------+-------++-------
Melee: Unarmed           |   120 |   129 |   332 |   714 |   948 ||  2243
       Scimitar          |       |       |       |       |    15 ||    15
Throw: Boomerang         |       |     3 |     1 |     2 |       ||     6
       Dart              |       |       |       |     6 |       ||     6
       Large rock        |       |       |       |     7 |     5 ||    12
Invok: Lunge             |     3 |    15 |    32 |    55 |    77 ||   182
       Whirlwind         |       |     1 |    83 |   128 |   343 ||   555
       Heavenly Storm    |       |       |       |       |     3 ||     3
 Abil: Wall Jump         |       |       |       |     1 |       ||     1
Evoke: Wand              |       |       |     2 |     8 |     1 ||    11
       Tin of tremorston |       |       |       |       |     1 ||     1
  Use: Scroll            |       |     5 |    13 |    14 |    14 ||    46
       Potion            |       |       |     5 |     5 |    12 ||    22
 Stab: Sleeping          |       |     1 |       |       |       ||     1
       Petrified         |       |       |       |       |     2 ||     2
       Petrifying        |       |       |       |       |     1 ||     1
Armor: Robe              |    57 |    27 |    77 |    13 |       ||   174
       Steam dragon scal |       |       |       |    29 |       ||    29
       Troll leather arm |       |       |       |    80 |    86 ||   166
       Skin              |       |       |       |     1 |       ||     1
Dodge: Dodged            |    54 |    29 |    72 |   203 |   203 ||   561
Block: Kite shield       |    58 |    32 |   155 |   295 |   531 ||  1071
       Reflection        |       |       |     6 |     4 |    11 ||    21

Table legend: (Time is in decaauts)
 A = Elapsed time spent in this place.
 B = Non-inter-level travel time spent in this place.
 C = Inter-level travel time spent in this place.
 D = Time resting spent in this place.
 E = Time spent auto-exploring this place.
 F = Levels seen in this place.
 G = Mean time per level.
                   A        B        C        D        E       F      G
               +--------+--------+--------+--------+--------+-----+--------+
         Total |  21896 |  17527 |   4369 |   1656 |  10042 |  24 |  912.3 |
       Dungeon |  11916 |   9341 |   2575 |    707 |   5989 |  13 |  916.6 |
        Temple |    151 |    128 |     23 |      0 |    120 |   1 |  151.0 |
          Lair |   6070 |   5054 |   1016 |    473 |   2776 |   5 | 1214.0 |
   Spider Nest |    479 |    322 |    157 |     53 |     40 |   1 |  479.0 |
  Orcish Mines |   1891 |   1293 |    598 |    126 |    590 |   2 |  945.5 |
       Ossuary |    187 |    187 |      0 |      0 |     51 |   1 |  187.0 |
      Ice Cave |   1198 |   1198 |      0 |    296 |    476 |   1 | 1198.0 |
               +--------+--------+--------+--------+--------+-----+--------+

Top non-repeatable levels by time:
    D:11: 1690 daAuts
     D:8: 1493 daAuts
  Lair:3: 1285 daAuts
     D:9: 1264 daAuts
  Lair:2: 1256 daAuts
  Lair:5: 1254 daAuts
  Lair:1: 1250 daAuts
   IceCv: 1198 daAuts
   Orc:2: 1153 daAuts
    D:10: 1150 daAuts
     D:5: 1088 daAuts
  Lair:4: 1023 daAuts
     D:4: 907 daAuts
     D:2: 905 daAuts
    D:12: 862 daAuts
